 Dungeon Crawl Stone Soup version 0.31-a0-995-g04711c9635 (webtiles) character file.

Game seed: 2505594354633032359

434793 BinkBink the Hoplite (level 22, -16/216 HPs)
             Began as a Minotaur Fighter on Nov 6, 2023.
             Was the Champion of Qazlal.
             Killed from afar by a tengu reaver (32 damage)
             ... with a bolt of lightning
             ... on level 5 of the Vaults.
             The game lasted 01:52:54 (52693 turns).

BinkBink the Hoplite (Minotaur Fighter)            Turns: 52693, Time: 01:52:54

Health: -16/216    AC: 28    Str: 39    XL:     22   Next: 91%
Magic:  21/21      EV: 28    Int:  5    God:    Qazlal [******]
Gold:   1990       SH: 39    Dex: 16    Spells: 21/21 levels left

rFire   . . .        x - +3 hand axe (venom)
rCold   + + +        D - +2 tower shield
rNeg    + + .        W - +5 ring mail of the Okapi {Fly Will+}
rPois   .            a - +2 hat of Articulation {rN+ Will+ Dex+3 Slay+3}
rElec   .            K - +2 cloak {Stlth+}
rCorr   .            Y - +0 pair of fencer's gloves {Riposte Dex+3}
SInv    +            e - +0 pair of boots of Sif Muna's Anger {Str+5 Dex-4}
Will    +++..        o - amulet of reflection
Stlth   +            C - ring "Maameon" {rC+++ rN+ Str+6 SInv Stlth-}
HPRegen 0.56/turn    m - +5 ring of evasion
MPRegen 0.17/turn

%: repel missiles, reflection
@: protected from physical damage, on berserk cooldown, flying, slowed, studying
Ice Magic, very slow
A: horns 2, retaliatory headbutt
}: 2/15 runes: barnacled, gossamer
a: Renounce Religion, Upheaval, Elemental Force, Disaster Area


You were on level 5 of the Vaults.
You worshipped Qazlal.
Qazlal was exalted by your worship.
You visited 8 branches of the dungeon, and saw 39 of its levels.
You also visited: Gauntlet and Wizlab.

You collected 4787 gold pieces.
You spent 2797 gold pieces at shops.

Inventory:

Hand Weapons
 x - a +3 hand axe of venom (weapon)
 M - a +3 war axe of electrocution
Missiles
 t - 3 throwing nets
Armour
 a - the +2 hat of Articulation (worn) {rN+ Will+ Dex+3 Slay+3}
   (You found it on level 2 of the Lair of Beasts)

   Dex+3:     It affects your dexterity (+3).
   Slay+3:    It affects your accuracy & damage with ranged weapons and melee
   (+3).
   rN+:       It protects you from negative energy.
   Will+:     It increases your willpower.
 e - the +0 pair of boots of Sif Muna's Anger (worn) {Str+5 Dex-4}
   (You found it on level 3 of the Elven Halls)

   Str+5:     It affects your strength (+5).
   Dex-4:     It affects your dexterity (-4).
 D - a +2 tower shield (worn)
 G - the +3 crown of Dyrovepreva {rElec Int+2 SInv}
   (You acquired it on level 1 of the Vaults)

   Int+2:     It affects your intelligence (+2).
   rElec:     It insulates you from electricity.
   SInv:      It lets you see invisible.
 K - a +2 cloak of stealth (worn)
 Q - the +8 chain mail of Spite {Drain rC+ Will+ Str+4}
   (You bought it in a shop on level 2 of the Orcish Mines)

   Str+4:     It affects your strength (+4).
   rC+:       It protects you from cold.
   Will+:     It increases your willpower.
   Drain:     It drains your maximum health when unequipped.
 W - the +5 ring mail of the Okapi (worn) {Fly Will+}
   (You found it on level 3 of the Elven Halls)

   Will+:     It increases your willpower.
   Fly:       It grants you flight.
 Y - the +0 pair of fencer's gloves (worn) {Riposte Dex+3}
   (You found it in a Gauntlet)

   Riposte:   It allows the wearer to riposte with melee weapons, swiftly
   retaliating against missed or blocked melee attacks.
   Dex+3:     It affects your dexterity (+3).
Jewellery
 c - the ring of Ledeigy {rF+ rCorr Str+2 SInv}
   (You found it on level 3 of the Elven Halls)

   [ring of see invisible]

   Str+2:     It affects your strength (+2).
   rF+:       It protects you from fire.
   SInv:      It lets you see invisible.
   rCorr:     It protects you from acid and corrosion.
 k - the ring "Zeimnom" {rPois rF- rCorr SInv}
   (You found it on level 3 of the Elven Halls)

   [ring of resist corrosion]

   rF-:       It makes you vulnerable to fire.
   rPois:     It protects you from poison SInv: It lets you see invisible.
   rCorr:     It protects you from acid and corrosion.
 m - a +5 ring of evasion (right hand)
 o - an amulet of reflection (around neck)
 C - the ring "Maameon" (left hand) {rC+++ rN+ Str+6 SInv Stlth-}
   (You found it on level 3 of the Elven Halls)

   [ring of strength]

   Str+6:     It affects your strength (+6).
   rC+++:     It renders you almost immune to cold.
   rN+:       It protects you from negative energy.
   SInv:      It lets you see invisible.
   Stlth-:    It makes you less stealthy.
 P - the ring of Muijin {rElec rPois rF+ Will+ Int+8}
   (You took it off a merfolk impaler on level 4 of the Shoals)

   [ring of willpower]

   Int+8:     It affects your intelligence (+8).
   rF+:       It protects you from fire.
   rElec:     It insulates you from electricity.
   rPois:     It protects you from poison Will+: It increases your willpower.
 R - the ring "Zorann" {Wiz Drain Fly Will+++ Dex+3}
   (You found it on level 13 of the Dungeon)

   [ring of wizardry]

   Wiz:       It improves your spell success rate.
   Dex+3:     It affects your dexterity (+3).
   Will+++:   It greatly increases your willpower.
   Fly:       It grants you flight.
   Drain:     It drains your maximum health when unequipped.
Wands
 g - a wand of iceblast (70)
 p - a wand of digging (2)
 r - a wand of polymorph (43)
 u - a wand of flame (86) (quivered)
 E - a wand of light (24)
 F - a wand of mindburst (26)
 H - a wand of paralysis (24)
Scrolls
 f - 3 scrolls of fog
 h - 16 scrolls of teleportation
 l - 7 scrolls of amnesia
 q - 22 scrolls of identify
 s - 4 scrolls of enchant armour
 v - 8 scrolls of enchant weapon
 y - 8 scrolls of silence
 z - 4 scrolls of brand weapon
 A - a scroll of summoning
 O - 2 scrolls of vulnerability
 S - 2 scrolls of fear
 V - a scroll of revelation
Potions
 b - 6 potions of lignification
 d - 6 potions of might
 j - 21 potions of curing
 n - 2 potions of attraction
 w - 2 potions of magic
 B - 2 potions of resistance
 I - 2 potions of mutation
 J - 7 potions of haste
 L - 6 potions of enlightenment
 T - 3 potions of cancellation
 U - 5 potions of brilliance
 Z - 12 potions of ambrosia


   Skills:
 + Level 22.3 Fighting
 + Level 22.2 Axes
 + Level 22.3 Armour
 + Level 20.4 Dodging
 + Level 24.6 Shields


You had 21 spell levels left.
You didn't know any spells.
Your spell library contained the following spells:

 Spells                   Type           Power      Damage    Failure   Level
 Freeze                   Ice            0%         1d3       56%         1
 Kiss of Death            Conj/Necr      0%         2d5       56%         1
 Magic Dart               Conj           0%         1d3       56%         1
 Necrotise                Necr           0%         1d4       56%         1
 Shock                    Conj/Air       0%         1d3       56%         1
 Slow                     Hex            0%         N/A       56%         1
 Sting                    Tmut/Pois      0%         1d3       56%         1
 Blink                    Tloc           0%         N/A       71%         2
 Call Imp                 Summ           0%         N/A       71%         2
 Ensorcelled Hibernation  Hex/Ice        0%         N/A       71%         2
 Lesser Beckoning         Tloc           0%         N/A       71%         2
 Momentum Strike          Conj/Tloc      0%         3d8       71%         2
 Passwall                 Tmut/Erth      0%         N/A       71%         2
 Poisonous Vapours        Pois/Air       0%         N/A       71%         2
 Scorch                   Fire           0%         2d5       71%         2
 Searing Ray              Conj           0%         2d4       71%         2
 Sublimation of Blood     Necr           0%         N/A       71%         2
 Wereblood                Tmut           0%         N/A       71%         2
 Confusing Touch          Hex            0%         N/A       90%         3
 Frozen Ramparts          Ice            0%         1d1       90%         3
 Gell's Gravitas          Tloc           0%         N/A       90%         3
 Hailstorm                Conj/Ice       0%         3d3       90%         3
 Inner Flame              Hex/Fire       0%         N/A       90%         3
 Ozocubu's Armour         Ice            0%         N/A       90%         3
 Sigil of Binding         Hex            0%         N/A       90%         3
 Summon Guardian Golem    Hex/Summ       0%         N/A       90%         3
 Swiftness                Air            0%         N/A       90%         3
 Teleport Other           Tloc           0%         N/A       90%         3
 Vampiric Draining        Necr           0%         2d6       90%         3
 Volatile Blastmotes      Fire/Tloc      0%         2d10      90%         3
 Airstrike                Air            0%         2d(0-16)  100%        4
 Animate Armour           Summ/Erth      0%         N/A       100%        4
 Animate Dead             Necr           0%         N/A       100%        4
 Brom's Barrelling Bould  Conj/Erth      0%         2d3       100%        4
 Cause Fear               Hex            0%         N/A       100%        4
 Dispel Undead            Necr           0%         3d6       100%        4
 Flame Wave               Conj/Fire      0%         2d4       100%        4
 Fulminant Prism          Conj/Hex       0%         3d5       100%        4
 Iskenderun's Mystic Bla  Conj/Tloc      0%         2d3       100%        4
 Olgreb's Toxic Radiance  Pois           0%         N/A       100%        4
 Petrify                  Tmut/Erth      0%         N/A       100%        4
 Sticky Flame             Conj/Fire      0%         2d3       100%        4
 Summon Ice Beast         Ice/Summ       0%         N/A       100%        4
 Summon Lightning Spire   Summ/Air       0%         N/A       100%        4
 Vhi's Electric Charge    Tloc/Air       0%         N/A       100%        4
 Agony                    Necr           0%         N/A       100%        5
 Alistair's Intoxication  Tmut/Pois      0%         N/A       100%        5
 Arcjolt                  Conj/Air       0%         1d10      100%        5
 Fireball                 Conj/Fire      0%         3d3       100%        5
 Irradiate                Conj/Tmut      0%         3d11      100%        5
 Iskenderun's Battlesphe  Conj           0%         2d6       100%        5
 Lee's Rapid Deconstruct  Erth           0%         3d4*      100%        5
 Metabolic Englaciation   Hex/Ice        0%         N/A       100%        5
 Summon Forest            Summ/Tloc      0%         N/A       100%        5
 Summon Mana Viper        Hex/Summ       0%         N/A       100%        5
 Bombard                  Conj/Erth      0%         9d1       100%        6
 Conjure Ball Lightning   Conj/Air       0%         3x3d6     100%        6
 Eringya's Noxious Bog    Tmut/Pois      0%         4d6       100%        6
 Simulacrum               Ice/Necr       0%         N/A       100%        6
 Summon Cactus Giant      Summ           0%         N/A       100%        6
 Haunt                    Necr/Summ      0%         N/A       100%        7
 Malign Gateway           Summ/Tloc      0%         N/A       100%        7
 Monstrous Menagerie      Summ           0%         N/A       100%        7
 Orb of Destruction       Conj           0%         9d5       100%        7
 Ozocubu's Refrigeration  Ice            0%         4d7       100%        7
 Spellforged Servitor     Conj/Summ      0%         N/A       100%        7
 Discord                  Hex            0%         N/A       100%        8
 Disjunction              Tloc           0%         N/A       100%        8
 Ignition                 Fire           0%         3d3       100%        8
 Infestation              Necr           0%         N/A       100%        8
 Maxwell's Capacitive Co  Air            0%         ∞         100%        8
 Summon Horrible Things   Summ           0%         N/A       100%        8
 Dragon's Call            Summ           0%         N/A       100%        9


Dungeon Overview and Level Annotations

Branches:
Dungeon (15/15)            Temple (1/1) D:4            Lair (5/5) D:9
 Shoals (4/4) Lair:3       Spider (4/4) Lair:3        Slime (0/5) Lair:4
    Orc (2/2) D:9             Elf (3/3) Orc:2        Vaults (5/5) D:13
  Crypt (0/3) Vaults:2     Depths (0/4) D:15         WizLab (visited)
Gauntlet (visited)

Altars:
Ashenzari
Cheibriados
Dithmenos
Elyvilon
Fedhas
Gozag
Hepliaklqana
Kikubaaqudgha
Makhleb
Nemelex Xobeh
Okawaru
Qazlal
Ru
Sif Muna
Trog
Uskayaw
Vehumet
Wu Jian
Xom
Yredelemnul
Zin
The Shining One
Jiyva

Shops:
D:3 !   D:5 ?*(*:   Orc:2 (:[*(   Elf:3 [   Shoals:2 ?   Vaults:2 [

Annotations:
Vaults:3 1 transporter, BinkBink's ghost, veteran TeMo


Innate Abilities, Weirdness & Mutations

You have a pair of horns on your head.
You reflexively headbutt those who attack you in melee.


Message History

The ironbound preserver is severely wounded.
You hear a shout!
You block the ironbound preserver's attack.
Unknown command.
You slash the ironbound preserver!
The ironbound preserver looks as sick as possible!
Your headbutt misses the ironbound preserver.
The ironbound preserver is almost dead.
The ironbound preserver hits you with a +0 flail!
* * * LOW HITPOINT WARNING * * *
You feel more protected from physical attacks.
You slash the ironbound preserver!
The ironbound preserver looks as sick as possible!
The ironbound preserver is almost dead.
You kill the ironbound preserver!
Qazlal accepts your kill. x2
You feel a bit more experienced.
You hear a shout!
You start resting.
You hear a deafening roar!
A tengu reaver comes into view. It is wielding a +3 great sword.
You hear a deafening roar!
Things that are here:
a +0 flail; a +0 leather armour You start resting.
You hear a deafening roar!
A tengu reaver is nearby!
The tengu reaver is engulfed in blazing flames.
The tengu reaver gestures at you while chanting.
The bolt of fire misses you.
You hear a sizzling sound!
The tengu reaver is engulfed in blazing flames.
The tengu reaver gestures at you while chanting.
The bolt of lightning misses you.
A titan comes into view.
You hear a shout!
The tengu reaver is engulfed in blazing flames.
The tengu reaver gestures at you while chanting.
The bolt of lightning hits you!!
You die...

).p.............§(CC.Ze......
.)............p.###.#T...#....
#####.....####### #.#....#..##
....##..§## ##.#....# .p
............ec.. #..#
..###.....###... #..# ..#
###.### ##)°# ?.# ## ##...#
..# #@...# ..# #..Q..§.# ....#
#....^.○☼.# ..#.# #.#.......#
..#..# #. #..#....# ..# ..#
#..##...# ..# ## #.. ##..# ..#
#.. #..# ...


You could see a tengu reaver (repels missiles).

Vanquished Creatures
  An ancient lich (Vaults:5)
  Frederick (Vaults:3)
  Norris (Elf:2)
  Arachne (Spider:3)
  A tentacled monstrosity (Vaults:4)
  A lich (Vaults:5)
  A titan (Vaults:4)
  8 deep elf master archers
  Asterion (Vaults:1)
  3 sphinxes
  Gastronok (Lair:1)
  4 shadow dragons (Vaults:5)
  A storm dragon (Vaults:5)
  Roxanne (Spider:3)
  A revenant (Vaults:2)
  3 fenstrider witches (WizLab)
  2 iron dragons
  Donald (Vaults:3)
  4 deep elf sorcerers (Elf:3)
  A frost giant (Vaults:5)
  A daeva (Shoals:4)
  2 emperor scorpions (Spider:3)
  The ghost of lis82 the Cryomancer, a journeyman DgIE (Lair:5)
  7 ghost moths
  11 vault wardens
  5 deep elf elementalists (Elf:3)
  A curse skull (Vaults:2)
  7 stone giants
  2 orc warlords (Orc:2)
  12 ironbound preservers
  7 very ugly things (Vaults:4)
  A formless jellyfish (Vaults:3)
  9 ironbound thunderhulks
  3 war gargoyles
  4 broodmothers
  An apis (Shoals:4)
  4 deep elf demonologists (Elf:3)
  Azrael (Spider:1)
  4 deep elf annihilators
  8 dire elephants
  The ghost of Ecraohen the Warrior, a journeyman FoFi of Okawaru (D:13)
  A minotaur (Gauntlet)
  3 eleionomae (WizLab)
  2 spark wasps
  Snorg (Orc:1)
  A crystal guardian (Vaults:4)
  7 ettins
  12 merfolk impalers
  3 fire dragons
  5 merfolk javelineers (Shoals:4)
  9 deep elf high priests
  The ghost of Curroj the Destroyer, a journeyman HuCj of Hepliaklqana (Lair:4)
  9 deep elf death magi
  2 shambling mangroves (WizLab)
  3 entropy weavers
  A quicksilver dragon zombie (D:15)
  8 great orbs of eyes
  3 hydras
  12 yaktaur captains
  Fannar (D:12)
  3 ogre magi (Vaults:1)
  2 peacekeepers (Vaults:4)
  26 vault guards
  7 ironbound frosthearts
  2 jorogumos
  2 merfolk avatars
  10 boulder beetles
  6 merfolk aquamancers
  A sphinx zombie (D:15)
  4 radroaches
  2 alligator snapping turtles
  16 centaur warriors
  A catoblepas (Gauntlet)
  25 dancing weapons
  9 two-headed ogres
  A death knight (D:14)
  7 demonic crawlers
  6 satyrs
  A vampire mage (D:15)
  6 death yaks
  5 orc high priests
  3 naga sharpshooters (WizLab)
  2 occultists (Vaults:1)
  A fire crab (Vaults:1)
  A hell knight (Vaults:4)
  12 deep elf knights
  A fire crab (shapeshifter) (D:14)
  Urug (Lair:1)
  A shadow wraith (Vaults:5)
  9 pharaoh ants
  A sun moth (Spider:4)
  8 skeletal warriors
  7 skysharks
  2 glowing orange brains
  A swamp dragon (Lair:5)
  29 deep trolls
  8 orb spiders
  3 cherubim (Shoals:4)
  16 sea snakes
  21 deep elf archers
  12 ironbound convokers
  5 phantasmal warriors
  9 steelbarb worms
  Pikel (D:9)
  31 deep elf zephyrmancers
  9 arcanists
  5 orc knights
  9 harpies
  15 lindwurms
  A harpy (shapeshifter) (D:14)
  15 manticores
  3 orc sorcerers (Orc:2)
  A wolf spider (shapeshifter) (Vaults:4)
  6 necromancers
  A faun (shapeshifter) (Elf:3)
  23 deep elf pyromancers
  18 ugly things
  17 cyclopes
  A frost giant zombie (Vaults:1)
  24 wolf spiders
  22 fauns
  3 oklob plants
  10 merfolk sirens
  2 worldbinders (Vaults:1)
  9 elephants
  5 moths of wrath
  4 water nymphs
  A molten gargoyle (Vaults:1)
  A black mamba (shapeshifter) (D:13)
  An ice statue (Lair:4)
  15 torpor snails
  A guardian serpent (shapeshifter) (Elf:3)
  10 vault sentinels
  8 gargoyles
  5 black mambas
  An unseen horror (D:9)
  9 cane toads
  2 naga magi (Vaults:1)
  An unseen horror (shapeshifter) (D:13)
  31 yaktaurs
  3 freezing wraiths
  6 komodo dragons
  4 rime drakes
  4 human zombies
  4 tengu conjurers
  An ice devil (Lair:4)
  7 meliai
  A queen bee (Spider:4)
  10 wind drakes
  7 trolls
  9 polar bears
  3 tyrant leeches (Lair:5)
  28 tarantellas
  Grinder (D:4)
  30 merfolk
  14 hornets
  A raiju (Gauntlet)
  A raiju (shapeshifter) (Elf:2)
  21 blink frogs
  An ettin zombie (Vaults:1)
  17 dream sheep
  10 snapping turtles
  20 water elementals
  18 culicivoras
  19 jumping spiders
  5 air elementals
  22 slime creatures
  30 yaks
  5 wraiths
  19 humans (D:13)
  2 wyverns (D:9)
  3 basilisks
  7 fire elementals
  A hog (Vaults:1)
  51 redbacks
  3 steam dragons
  8 vampire mosquitoes
  3 wargs (Orc:2)
  A swamp worm (shapeshifter) (D:15)
  18 water moccasins
  5 acid dragons
  3 hell hounds (Spider:1)
  39 orc warriors
  5 black bears
  2 swamp drakes (Lair:5)
  6 ice beasts
  17 wolves
  6 boggarts
  8 ogres
  18 centaurs
  A lemure (D:9)
  2 phantoms (D:5)
  4 kobold brigands
  2 human skeletons
  Blork the orc (D:6)
  8 bullfrogs
  2 gnoll sergeants
  2 earth elementals (Elf:2)
  34 killer bees
  6 howler monkeys
  A vampire bat (Vaults:1)
  An electric eel (Lair:3)
  A lava snake (Vaults:1)
  2 hounds
  16 orc priests
  Crazy Yiuf (D:2)
  A gnoll bouda (D:9)
  A jelly (Lair:4)
  7 iguanas
  A sleepcap (D:5)
  Natasha (twice) (D:2)
  37 orc wizards
  Robin (D:2)
  14 gnolls
  11 adders
  A shadow imp (D:7)
  A white imp (D:8)
  2 ufetubi (D:7)
  2 worms (D:2)
  4 dart slugs
  76 orcs
  12 ball pythons
  3 endoplasms
  A giant cockroach (D:3)
  20 goblins
  8 hobgoblins
  8 jackals
  4 quokkas
  6 bats
  4 frilled lizards
  25 kobolds
  4 rats
1697 creatures vanquished.

Vanquished Creatures (others)
  A tentacled monstrosity (Vaults:5)
  A vault warden (Vaults:5)
  A merfolk aquamancer (Shoals:4)
  A deep troll earth mage (Vaults:5)
  3 deep elf knights (Elf:2)
  2 sea snakes (Shoals:1)
  A molten gargoyle (Vaults:1)
  A spriggan (shapeshifter) (Vaults:5)
  A water elemental (Shoals:1)
  A swamp drake (Lair:5)
  An orc wizard (Orc:2)
14 creatures vanquished.

Grand Total: 1711 creatures vanquished

Notes
Turn   | Place    | Note
-------+----------+-------------------------------------------
     0 | D:1      | BinkBink the Minotaur Fighter began the quest for the Orb.
     0 | D:1      | Reached XP level 1. HP: 19/19 MP: 0/0
    79 | D:1      | Reached XP level 2. HP: 27/27 MP: 1/1
   700 | D:2      | Reached skill level 4 in Shields
   701 | D:2      | Noticed Natasha
   749 | D:2      | Reached XP level 3. HP: 30/33 MP: 2/2
   778 | D:2      | Killed Natasha
   779 | D:2      | Reached XP level 4. HP: 18/40 MP: 3/3
   880 | D:2      | Reached skill level 1 in Dodging
  1202 | D:2      | Identified the +2 helmet of Free Will {Str+3}
  1202 | D:2      | Noticed Robin
  1219 | D:2      | HP: 1/41 [Robin/+0 trident (5)]
  1222 | D:2      | Reached XP level 5. HP: 18/47 MP: 4/4
  1226 | D:2      | Killed Robin
  1977 | D:2      | Found a runed translucent door.
  1977 | D:2      | Noticed Natasha
  1977 | D:2      | Noticed Crazy Yiuf
  2009 | D:3      | Found Qiufe's Distillery.
  2014 | D:3      | Bought a potion of heal wounds for 70 gold pieces
  2674 | D:4      | Identified the "Uxzic"
  2686 | D:4      | Noticed Grinder
  2735 | D:4      | Noticed an ogre
  2741 | D:4      | Killed an ogre
  2742 | D:4      | Reached XP level 6. HP: 55/55 MP: 5/5
  3261 | D:4      | Reached skill level 5 in Fighting
  3261 | D:4      | Reached skill level 5 in Armour
  3261 | D:4      | Reached skill level 5 in Shields
  3510 | D:4      | Found a staircase to the Ecumenical Temple.
  3534 | D:4      | Killed Grinder
  3535 | D:4      | Reached XP level 7. HP: 30/61 MP: 6/6
  3541 | D:4      | Reached skill level 5 in Axes
  3555 | Temple   | Entered the Ecumenical Temple
  3669 | Temple   | Became a worshipper of Qazlal Stormbringer
  3852 | D:5      | Entered Level 5 of the Dungeon
  3852 | D:5      | Found Piloiwk Such's Magic Scroll Shoppe.
  3858 | D:5      | Bought 2 scrolls of identify for 56 gold pieces
  3858 | D:5      | Bought a scroll of identify for 28 gold pieces
  3913 | D:5      | Found Rogguanuiv's Antique Weapon Emporium.
  4079 | D:5      | Found Pilum's Self-Improvement Boutique.
  4092 | D:5      | Reached skill level 6 in Shields
  4142 | D:5      | Found Voog's Assorted Antiques.
  4200 | D:5      | Found Ekak Mocrune's General Store.
  4417 | D:6      | Reached XP level 8. HP: 38/70 MP: 7/7
  5221 | D:6      | Noticed Blork the orc
  5225 | D:6      | Killed Blork the orc
  5417 | D:6      | Found a burning altar of Makhleb.
  5442 | D:6      | Found a snail-covered altar of Cheibriados.
  5826 | D:7      | Reached skill level 5 in Dodging
  5973 | D:7      | Reached skill level 7 in Shields
  6142 | D:7      | Reached * piety under Qazlal
  6477 | D:7      | Reached XP level 9. HP: 79/79 MP: 8/8
  7347 | D:9      | Found a staircase to the Orcish Mines.
  7392 | D:9      | Noticed a boulder beetle
  7407 | D:9      | Killed a boulder beetle
  7408 | D:9      | Reached skill level 8 in Shields
  7721 | D:9      | Noticed a two-headed ogre
  8001 | D:9      | Found a blossoming altar of Fedhas.
  8101 | D:9      | Noticed Pikel
  8104 | D:9      | Noticed a two-headed ogre
  8126 | D:9      | Killed Pikel
  8127 | D:9      | Reached XP level 10. HP: 90/90 MP: 9/9
  8160 | D:9      | Killed a two-headed ogre
  8253 | D:9      | Paralysed by a kobold brigand for 3 turns
  8270 | D:9      | Reached skill level 9 in Shields
  8345 | D:9      | Killed a two-headed ogre
  8350 | D:9      | Reached ** piety under Qazlal
  8695 | D:9      | Found a staircase to the Lair.
  8880 | D:10     | Entered Level 10 of the Dungeon
  9225 | D:10     | Reached XP level 11. HP: 84/99 MP: 10/10
  9729 | D:10     | Reached skill level 10 in Fighting
  9731 | D:10     | Reached skill level 10 in Armour
  9731 | D:10     | Reached skill level 10 in Shields
 10090 | D:11     | Noticed a red ugly thing
 10098 | D:11     | Killed a red ugly thing
 10099 | D:11     | Reached skill level 10 in Axes
 10167 | D:11     | Reached *** piety under Qazlal
 10293 | D:11     | Noticed a two-headed ogre
 10300 | D:11     | Killed a two-headed ogre
 10827 | D:5      | Bought a runed war axe for 195 gold pieces
 10827 | D:5      | Bought a runed war axe for 195 gold pieces
 10977 | D:2      | Killed Crazy Yiuf
 10978 | D:2      | Killed Natasha
 11803 | D:12     | Noticed a red ugly thing
 11817 | D:12     | Killed a red ugly thing
 11879 | D:12     | Noticed a boulder beetle
 11894 | D:12     | Killed a boulder beetle
 11986 | D:12     | Noticed a skeletal warrior
 12001 | D:12     | Noticed a skeletal warrior
 12027 | D:12     | Noticed a skeletal warrior
 12028 | D:12     | Killed a skeletal warrior
 12029 | D:12     | Reached skill level 11 in Shields
 12044 | D:12     | Killed a skeletal warrior
 12074 | D:12     | Noticed a skeletal warrior
 12088 | D:12     | Killed a skeletal warrior
 12334 | D:12     | Killed a skeletal warrior
 12498 | D:12     | Reached XP level 12. HP: 108/110 MP: 11/11
 12527 | D:12     | Noticed Fannar
 12545 | D:12     | Killed Fannar
 13064 | D:13     | Noticed a boulder beetle
 13076 | D:13     | Killed a boulder beetle
 13203 | D:13     | Reached skill level 10 in Dodging
 13643 | D:13     | Found a runed translucent gate.
 13643 | D:13     | Found a runed translucent gate.
 13643 | D:13     | Found a runed translucent gate.
 13643 | D:13     | Noticed Ecraohen's ghost (journeyman FoFi)
 13873 | D:13     | Reached skill level 12 in Shields
 13880 | D:13     | Reached **** piety under Qazlal
 13883 | D:13     | Noticed a vault guard
 13892 | D:13     | Noticed a vault guard
 13908 | D:13     | Killed a vault guard
 13929 | D:13     | Killed a vault guard
 14215 | D:13     | Found a gate to the Vaults.
 14470 | Orc:1    | Entered Level 1 of the Orcish Mines
 14480 | Orc:1    | Noticed Snorg
 14496 | Orc:1    | Killed Snorg
 14498 | Orc:1    | Reached XP level 13. HP: 98/119 MP: 9/12
 14882 | Orc:2    | Entered Level 2 of the Orcish Mines
 14990 | Orc:2    | Reached ***** piety under Qazlal
 15142 | Orc:2    | Found Cukk's Weapon Shop.
 15204 | Orc:2    | Noticed an orc warlord
 15206 | Orc:2    | Noticed an orc warlord
 15566 | Orc:2    | Paralysed by an orc sorcerer for 3 turns
 15626 | Orc:2    | Reached skill level 13 in Shields
 15657 | Orc:2    | Killed an orc warlord
 15685 | Orc:2    | Found a staircase to the Elven Halls.
 15740 | Orc:2    | Killed an orc warlord
 16078 | Orc:2    | Found Javohex's Antique Armour Shop.
 16079 | Orc:2    | Found Xymaw's Antique Weapon Boutique.
 16081 | Orc:2    | Found Pawotuz's General Store.
 16081 | Orc:2    | Found Ythragip's Book Shop.
 16308 | Orc:2    | Bought a +2 pair of gloves for 247 gold pieces
 16321 | Orc:2    | Bought a faintly glowing chain mail for 332 gold pieces
 16321 | Orc:2    | Identified the +8 chain mail of Spite {Drain rC+ Will+
                  | Str+4} (You bought it in a shop on level 2 of the Orcish
                  | Mines)
 16461 | Lair:1   | Entered Level 1 of the Lair of Beasts
 16464 | Lair:1   | Noticed Urug
 16473 | Lair:1   | Reached ****** piety under Qazlal
 16487 | Lair:1   | Killed Urug
 16497 | Lair:1   | Noticed Gastronok
 16512 | Lair:1   | Killed Gastronok
 17216 | Lair:2   | Reached XP level 14. HP: 130/130 MP: 13/13
 17703 | Lair:2   | Reached skill level 14 in Shields
 17741 | Lair:2   | Identified the +2 hat of Articulation {rN+ Will+ Dex+3
                  | Slay+3}
 18615 | Lair:3   | Found a staircase to the Shoals.
 18675 | Lair:3   | Found a hole to the Spider Nest.
 19434 | Lair:4   | Found a staircase to the Slime Pits.
 19435 | Lair:4   | Found a viscous altar of Jiyva.
 19990 | Lair:4   | Found a transporter.
 19993 | Lair:4   | Noticed Curroj's ghost (journeyman HuCj)
 20016 | Lair:4   | Found a transporter.
 20326 | Lair:5   | Entered Level 5 of the Lair of Beasts
 21118 | Lair:5   | Identified the +0 robe of Scuffed Miracles {Drain rPois
                  | Dex+5}
 21134 | Lair:5   | Identified the +0 helmet of the Four Spreadsheets {Dex+3}
 21289 | Lair:5   | Reached XP level 15. HP: 125/139 MP: 12/14
 21466 | Lair:5   | Found a runed translucent door.
 21466 | Lair:5   | Noticed lis82's ghost (journeyman DgIE)
 21666 | Lair:5   | Found a runed translucent door.
 21687 | Lair:5   | Reached skill level 15 in Shields
 21708 | Lair:5   | Reached skill level 15 in Armour
 21767 | Lair:5   | Reached skill level 15 in Fighting
 21959 | Lair:5   | Killed lis82's ghost
 22279 | Spider:1 | Entered Level 1 of the Spider Nest
 22318 | Spider:1 | Reached skill level 15 in Axes
 22396 | Spider:1 | Noticed Azrael
 22423 | Spider:1 | Killed Azrael
 23077 | Spider:1 | Identified the granite talisman of Inquiry {rF++}
 24538 | Spider:3 | Reached skill level 16 in Shields
 24567 | Spider:3 | Noticed an emperor scorpion
 24593 | Spider:3 | Killed an emperor scorpion
 24594 | Spider:3 | Reached XP level 16. HP: 148/151 MP: 15/15
 25288 | Spider:3 | Noticed Roxanne
 26536 | Spider:3 | Killed Roxanne
 26863 | D:5      | Bought a manual of Shields for 960 gold pieces
 27131 | Spider:4 | Entered Level 4 of the Spider Nest
 27233 | Spider:4 | Noticed Arachne
 27997 | Spider:3 | Reached skill level 17 in Shields
 28151 | Spider:3 | Reached skill level 15 in Dodging
 28532 | Spider:3 | Killed Arachne
 30095 | Spider:4 | Reached XP level 17. HP: 161/161 MP: 16/16
 30237 | Spider:4 | Got a gossamer rune of Zot
 30569 | Vaults:1 | Identified the "Lepielyth"
 30569 | Vaults:1 | Identified the of Zog Iffe
 30569 | Vaults:1 | Identified the "Ybleysch"
 30569 | Vaults:3 | Identified the "Ynoniri"
 30569 | Vaults:5 | Identified the "Bieh"
 30569 | Vaults:5 | Identified the "Sekeo"
 30569 | Crypt:3  | Identified the "Munet"
 30569 | Depths:1 | Identified the of Furufy
 30569 | Elf:1    | Entered Level 1 of the Elven Halls
 30586 | Elf:1    | Reached skill level 18 in Shields
 31521 | Elf:1    | Reached XP level 18. HP: 170/170 MP: 17/17
 31651 | Elf:2    | Paralysed by an air elemental for 1 turns
 32008 | Elf:2    | Reached skill level 19 in Shields
 32011 | Elf:2    | Noticed Norris
 32044 | Elf:2    | Killed Norris
 32541 | Elf:2    | Found a runed translucent gate.
 32551 | Elf:2    | Found a runed translucent gate.
 32551 | Elf:2    | Found a runed translucent gate.
 34403 | Elf:3    | Entered Level 3 of the Elven Halls
 34509 | Elf:3    | Paralysed by an air elemental for 1 turns
 34557 | Elf:3    | Reached skill level 20 in Shields
 35175 | Elf:3    | Reached XP level 19. HP: 180/180 MP: 18/18
 35215 | Elf:3    | Identified the +9 great sword of Jiosuax {antimagic, Str+8
                  | Dex-3}
 35407 | Elf:3    | Paralysed by an air elemental for 1 turns
 35629 | Elf:3    | Paralysed by an air elemental for 1 turns
 35762 | Elf:3    | Noticed a Brimstone Fiend
 36820 | Elf:3    | Identified the +1 falchion of the Sky {flame, rPois rN++}
 36825 | Elf:3    | Identified the +9 plate armour of Light {Harm rC- rN++
                  | Str+8}
 36861 | Elf:3    | Identified the ring of Ledeigy {rF+ rCorr Str+2 SInv}
 36875 | Elf:3    | Identified the ring "Zeimnom" {rPois rF- rCorr SInv}
 36897 | Elf:3    | Identified the ring "Maameon" {rC+++ rN+ Str+6 SInv Stlth-}
 36914 | Elf:3    | Identified the +5 ring mail of the Okapi {Fly Will+}
 36918 | Elf:3    | Identified the +0 pair of boots of Sif Muna's Anger {Str+5
                  | Dex-4}
 37109 | Elf:3    | Found Duss's Armour Shop.
 37519 | Shoals:1 | Entered Level 1 of the Shoals
 37551 | Shoals:1 | Reached skill level 21 in Shields
 38129 | Lair:4   | Killed Curroj's ghost
 38146 | Lair:4   | Identified the staff of Tiprigibb {rElec Conj}
 38359 | D:13     | Killed Ecraohen's ghost
 38368 | D:13     | Identified the ring "Zorann" {Wiz Drain Fly Will+++ Dex+3}
 38550 | D:14     | Found a gate leading to a gauntlet.
 38556 | Gauntlet | Entered a Gauntlet
 38556 | Gauntlet | Found a transporter.
 38556 | Gauntlet | Found a transporter.
 38556 | Gauntlet | Found a transporter.
 38582 | Gauntlet | Found a transporter.
 38585 | Gauntlet | Found a transporter.
 38601 | Gauntlet | Found a transporter.
 38602 | Gauntlet | Found a transporter.
 38608 | Gauntlet | Found a transporter.
 38616 | Gauntlet | Found a transporter.
 38633 | Gauntlet | Found a transporter.
 38641 | Gauntlet | Found a transporter.
 38659 | Gauntlet | Found a transporter.
 38663 | Gauntlet | Found the +0 pair of fencer's gloves {Riposte Dex+3}
 39021 | Gauntlet | Identified the +3 short sword "Juotuew" {distort, Fly rPois
                  | Stlth+}
 39024 | Gauntlet | Identified the +2 scale mail of the Northern Lights {-Cast
                  | rF++ rC- rN+}
 39043 | D:14     | You are sucked into a shaft and drop 1 floor!
 39043 | D:15     | Entered Level 15 of the Dungeon
 39080 | D:15     | Found a staircase to the Depths.
 39224 | D:14     | Identified the +5 ring mail "Gudu" {+Inv rElec Will+ SInv}
 39494 | D:14     | Identified the +0 ring mail of Daxarymy {Int+2}
 41321 | Shoals:2 | Found Meshub's Magic Scroll Emporium.
 41366 | Shoals:2 | Bought a scroll of blinking for 90 gold pieces
 41366 | Shoals:2 | Bought a scroll of acquirement for 624 gold pieces
 41389 | Shoals:2 | Reached skill level 22 in Shields
 41527 | Shoals:2 | Reached XP level 20. HP: 174/191 MP: 19/19
 42963 | Shoals:4 | Entered Level 4 of the Shoals
 43057 | Shoals:4 | Identified the ring of Muijin {rElec rPois rF+ Will+ Int+8}
 43064 | Shoals:4 | Identified the +4 battleaxe "Zenakko" {elec, Will+}
 43526 | Shoals:4 | Found a white marble altar of Elyvilon.
 43537 | Shoals:4 | Identified the +9 sling of Hiyvor {drain, rPois Will+ Int+3
                  | Dex+2}
 43696 | Shoals:4 | Found a glowing silver altar of Zin.
 43709 | Shoals:4 | Got a barnacled rune of Zot
 43915 | Shoals:4 | Identified the +1 robe of the Blizzard {Str+5}
 43970 | Shoals:4 | Found a glowing golden altar of the Shining One.
 44747 | Vaults:1 | Entered Level 1 of the Vaults
 45225 | Vaults:1 | Reached skill level 23 in Shields
 45500 | Vaults:1 | Reached XP level 21. HP: 202/202 MP: 20/20
 46211 | Vaults:1 | Noticed Asterion
 46224 | Vaults:1 | Killed Asterion
 46302 | Vaults:1 | Acquired the +3 crown of Dyrovepreva {rElec Int+2 SInv}
 46302 | Vaults:1 | Found the +3 crown of Dyrovepreva {rElec Int+2 SInv}
 46703 | Vaults:2 | Found a staircase to the Crypt.
 46770 | Vaults:2 | Found a magical portal.
 46775 | WizLab   | Entered Eringya's Formal Garden
 47084 | WizLab   | Found a blossoming altar of Fedhas.
 47683 | Vaults:2 | Found Kytraj's Armour Shop.
 48426 | Vaults:3 | Noticed Donald
 48434 | Vaults:3 | Killed Donald
 48484 | Vaults:3 | Identified the +6 chain mail of Uxtipa {Regen+ rCorr Int-3}
 48746 | Vaults:3 | Identified the +6 great mace "Nuag Mewn" {flame, Will+}
 49047 | Vaults:3 | Noticed Frederick
 49056 | Vaults:3 | Killed Frederick
 49145 | Vaults:3 | Found a transporter.
 49145 | Vaults:3 | Noticed BinkBink's ghost (veteran TeMo)
 49532 | Vaults:4 | Identified the +1 plate armour of Reczacsi {Rampage rN+
                  | MP+9 Int+3}
 50039 | Vaults:4 | Reached XP level 22. HP: 213/213 MP: 21/21
 50203 | Vaults:4 | Reached skill level 24 in Shields
 50729 | Vaults:5 | Entered Level 5 of the Vaults
 51842 | Vaults:5 | Noticed an ancient lich
 52513 | Vaults:5 | Noticed a golden dragon
 52517 | Vaults:5 | Killed an ancient lich
 52665 | Vaults:5 | HP: 15/322 [deep elf high priest/a malign offering (7)]
 52684 | Vaults:5 | HP: 9/216 [ironbound preserver/+0 flail (11)]
 52693 | Vaults:5 | Killed from afar by a tengu reaver

Illustrated notes

Levels and vault maps discovered:
D:1:      minmay_arrival_cross, layout_basic, serial_glass, glass_columns_b,
          glass_columns_b
D:2:      layout_loops_ring, grunt_decor_resistance, chequers_arboretum,
          chequers_serial_rivers_large_a, uniq_crazy_yiuf_cottage, uniq_robin,
          uniq_natasha
D:3:      kennysheep_the_goblin_king, layout_loops_ring, serial_shops, shop,
          chequers_serial_rivers_room_b
D:4:      layout_rooms, minmay_temple_entry_grid,
          minmay_a_box_with_orc_wizards_in_it, uniq_grinder
D:5:      layout_basic, serial_shops, kennysheep_little_box, shop, shop,
          nicolae_shop_stone, nicolae_shop_self_help
D:6:      layout_basic, mainiacjoe_overflow_two_lobes, uniq_blork_the_orc
D:7:      layout_basic
D:8:      layout_loops_ring, kennysheep_flooded_box, hex_tiny, minmay_hedge_maze
D:9:      layout_roguey, mainiacjoe_overflow_alcove_4, lair_entry_dummy,
          orc_0_dummy, grunt_ministairs_3, hangedman_corner_corridor, uniq_pikel
D:10:     layout_loops_corners
D:11:     layout_basic, hangedman_abyss_or_decor_stabs, minmay_misc_feat_room
D:12:     layout_irregular_city, uniq_fannar
D:13:     layout_cave_pools, grunt_vaults_entry_tiered,
          ebering_ghost_rock_garden
D:14:     layout_basic, gauntlet_entry_generic, minmay_misc_feat_tower
D:15:     gammafunk_depths_entry_grave, layout_irregular_city,
          nicolae_kite_square_tiling_tiny
Temple:   hellmonk_temple_of_storms
Lair:1:   layout_regular_city, uniq_gastronok, uniq_urug
Lair:2:   layout_loops_ring, grunt_megastairs_2
Lair:3:   layout_regular_city, minmay_shoals_entry_hut,
          nicolae_spider_entry_orb_guardian, cheibrodos_lair_lostbears,
          serial_bayou_shore_a
Lair:4:   layout_hall_layers, minmay_slime_entry_pillars, gammafunk_ghost_arena,
          ice2_lemuel
Lair:5:   guppyfry_lair_end_dragon, layout_cave_shapes, wormcave,
          gammafunk_ghost_grave, serial_rivers, chequers_serial_rivers_room_a,
          chequers_serial_rivers_large_b, chequers_serial_rivers_micro_a,
          chequers_serial_rivers_micro_c
Shoals:1: layout_shoals, nicolae_shoals_land_atoll
Shoals:2: layout_shoals, nicolae_stop_n_shop_1, st_shoals_ruin
Shoals:3: layout_shoals
Shoals:4: shoals_end_hellmonk_holy_island
Spider:1: layout_spider_delve, uniq_azrael
Spider:2: layout_cave_pods
Spider:3: layout_chambers, nicolae_spider_jagged_tunnels, uniq_roxanne
Spider:4: hellmonk_spider_rune_bug_friends, special_room [special_room_bee],
          hellmonk_narrow_tunnel, uniq_arachne
Orc:1:    layout_caves, uniq_snorg
Orc:2:    st_orc_congregation, layout_diamond_mine, serial_shops,
          nicolae_lakefront_shop
Elf:1:    eino_elf_arrival_the_gate, layout_geoelf_grid,
          kennysheep_underground_church
Elf:2:    nicolae_elf_blades_splatter_lattice [nicolae_blade_tridents],
          layout_loops_cross, serial_co_window_serial,
          co_window_of_opportunity_a, co_window_cross_1,
          co_window_of_opportunity_a, co_window_corner_a, co_window_paths_b,
          co_window_2corner, co_window_corner_b, co_window_broadway_c,
          co_window_of_opportunity_b, co_window_corner_b, glass_columns_c,
          drop_trap, uniq_norris
Elf:3:    minmay_elf_hall_quartered_circle, layout_onion_city, serial_shops,
          nicolae_shop_tiny_real_fake_doors, st_stairs_5, kb_rosetta
Vaults:1: grunt_vaults_bifocal, nicolae_vaults_little_squares_2,
          nicolae_vaults_octothorpe, nicolae_vaults_swerve,
          vaults_standard_mumra_enter_the_diamond,
          vaults_room_grunt_arrival_ludios, v_misc_25,
          nicolae_vaults_sightless_eye, ontoclasm_vaults_idyll, v_misc_1,
          vaults_room_pool, vaults_mumra_chevron_long, v_misc_27,
          layout_vaults_big_cross, serial_hangedman_research,
          hangedman_research_metamorphosis, hangedman_research_pyrotechnics,
          hangedman_research_convocations, uniq_asterion
Vaults:2: mu_enter_wizlab_2, nicolae_vaults_security_offices_6, v_misc_14,
          minmay_crypt_entry_simple_statues, nicolae_vaults_trapezoid_2,
          grunt_vaults_hallway_long, v_pattern_4,
          nicolae_vaults_storage_room_glass,
          nicolae_vaults_storage_room_statues, vaults_room_stairs_pillars,
          nicolae_vaults_trapezoid_1, layout_vaults_omnibox, serial_shops,
          nicolae_shop_tiny_glass
Vaults:3: gammafunk_ghost_smash, hangedman_vaults_unwind,
          nicolae_vaults_lightning_bolt, vaults_mumra_lcd,
          nicolae_vaults_tetromino_Z_2, nicolae_vaults_surprise_closet,
          nicolae_vaults_closet_pinwheel_3, ontoclasm_vaults_decontamination,
          nicolae_vaults_variable_pillar_hall, nicolae_vaults_tetromino_Z_1,
          layout_vaults_omnigrid, uniq_frederick, uniq_donald
Vaults:4: nicolae_vaults_arrows, nicolae_vaults_tetromino_L_1, v_rooms_4,
          nicolae_vaults_closet_pinwheel_3, v_rooms_4,
          hangedman_vaults_capsules, nicolae_vaults_turnstiles,
          nicolae_vaults_diamond_1, ontoclasm_vaults_gateway,
          layout_vaults_big_room
Vaults:5

Skill      XL: |  1  2  3  4  5  6  7  8  9 10 11 12 13 14 15 16 17 18 19 20 21 22 |
---------------+-------------------------------------------------------------------+-----
Armour         | 4 5 6 7 8 9 11 12 13 14 16 17 18 19 20 21 22 | 22.3
Shields        | 4 5 6 7 8 9 11 12 13 14 16 17 18 20 22 23 24 | 24.6
Fighting       | 4 5 6 7 8 9 11 12 13 14 16 17 18 19 20 21 22 | 22.3
Axes           | 3 4 5 6 8 9 10 12 13 14 15 16 17 18 19 20 21 22 | 22.2
Dodging        | 1 2 3 4 5 6 8 9 10 12 13 14 15 16 17 18 19 20 | 20.4

Action                     |  1- 3 |  4- 6 |  7- 9 | 10-12 | 13-15 | 16-18 | 19-21 | 22-24 || total
---------------------------+-------+-------+-------+-------+-------+-------+-------+-------++-------
  Melee: War axe           |    46 |   151 |    62 |       |   126 |       |       |       ||   385
         Headbutt          |     8 |    21 |    55 |   185 |   414 |   324 |   717 |   222 ||  1946
         Unarmed           |       |    14 |    18 |       |       |       |       |       ||    32
         Hand axe          |       |       |   163 |   640 |  1288 |  1224 |  1689 |   411 ||  5415
  Evoke: Wand              |       |       |       |       |       |       |     1 |       ||     1
    Use: Potion            |       |     1 |       |     1 |     1 |     5 |     1 |     3 ||    12
         Scroll            |       |       |     5 |    13 |    11 |    11 |     4 |     7 ||    51
   Stab: Confused          |       |     1 |     1 |       |       |       |       |       ||     2
         Held in net/web   |       |       |       |       |       |       |     1 |       ||     1
         Invisible         |       |       |       |       |       |       |       |     7 ||     7
 Armour: Scale mail        |    38 |   128 |   104 |    79 |       |       |       |       ||   349
         Skin              |       |     2 |     1 |       |       |       |       |       ||     3
         Acid dragon scale |       |       |       |   118 |    43 |       |       |       ||   161
         Chain mail        |       |       |       |       |   266 |   428 |    26 |       ||   720
         Ring mail         |       |       |       |       |       |       |   220 |   102 ||   322
  Dodge: Dodged            |    28 |    95 |   163 |   216 |   316 |   389 |   431 |   159 ||  1797
         Repelled          |       |       |       |       |     7 |    26 |    25 |     6 ||    64
  Block: Buckler           |    12 |    41 |    44 |       |       |       |       |       ||    97
         Tower shield      |       |       |    53 |   534 |  1424 |  1452 |  1860 |   501 ||  5824
         Reflection        |       |       |       |       |       |    77 |   318 |    36 ||   431
Riposte: Hand axe          |       |       |       |       |       |       |   360 |   172 ||   532

Table legend: (Time is in decaauts)
 A = Elapsed time spent in this place.
 B = Non-inter-level travel time spent in this place.
 C = Inter-level travel time spent in this place.
 D = Time resting spent in this place.
 E = Time spent auto-exploring this place.
 F = Levels seen in this place.
 G = Mean time per level.
                   A        B        C        D        E       F      G
               +--------+--------+--------+--------+--------+-----+--------+
         Total |  51516 |  46934 |   4582 |   9118 |  28621 |  41 | 1256.5 |
       Dungeon |  16671 |  14499 |   2172 |   2347 |   9766 |  15 | 1111.4 |
        Temple |    123 |     96 |     27 |      0 |     81 |   1 |  123.0 |
          Lair |   6966 |   6006 |    960 |    974 |   3917 |   5 | 1393.2 |
        Shoals |   3581 |   3419 |    162 |     67 |   2629 |   4 |  895.2 |
   Spider Nest |   7255 |   6918 |    337 |   1595 |   3808 |   4 | 1813.8 |
  Orcish Mines |   2193 |   1734 |    459 |    278 |    970 |   2 | 1096.5 |
   Elven Halls |   6728 |   6358 |    370 |   2127 |   3016 |   3 | 2242.7 |
        Vaults |   6864 |   6771 |     93 |   1729 |   3727 |   5 | 1372.8 |
        Wizlab |    662 |    662 |      0 |      0 |    462 |   1 |  662.0 |
      Gauntlet |    469 |    469 |      0 |      0 |    243 |   1 |  469.0 |
               +--------+--------+--------+--------+--------+-----+--------+

Top non-repeatable levels by time:
   Elf:2: 3755 daAuts
Spider:3: 3746 daAuts
Vaults:4: 2837 daAuts
     D:9: 2108 daAuts
   Elf:3: 1941 daAuts
    D:12: 1936 daAuts
  Lair:3: 1926 daAuts
  Lair:5: 1883 daAuts
   Orc:2: 1474 daAuts
     D:2: 1468 daAuts
Vaults:1: 1460 daAuts
     D:6: 1412 daAuts
Spider:2: 1343 daAuts
  Lair:2: 1237 daAuts
    D:10: 1228 daAuts
